 Dungeon Crawl Stone Soup version 0.29-a0-284-gf9362112df (webtiles) character file.

Game seed: 10799455816988267455

90 sammy202020 the Skirmisher (level 4, -1/35 (39) HPs)
             Began as a Palentonga Fighter on Mar 23, 2022.
             Slain by a wight
             ... wielding a +5 trident of freezing
              (5 damage)
             ... on level 3 of the Dungeon.
             The game lasted 00:02:06 (1874 turns).

sammy202020 the Skirmisher (Palentonga Fighter)     Turns: 1874, Time: 00:02:06

HP:   -1/35 (39)    AC:  6    Str: 19    XL:     4   Next: 32%
MP:   4/4           EV:  7    Int: 10    God:
Gold: 117           SH:  4    Dex: 10    Spells: 3/3 levels left

rFire   . . .      SeeInvis +   a - +0 war axe
rCold   . . .      Faith    .   c - +0 buckler
rNeg    . . .      Spirit   .   b - +0 scale mail
rPois   .          Reflect  .   (no helmet)
rElec   .          Harm     .   (no cloak)
rCorr   .          Rampage  .   (no gloves)
Will    .....                   (no barding)
Stlth   ..........              (no amulet)
HPRegen 0.11/turn               (no ring)
MPRegen 0.09/turn               (no ring)

@: heavily drained
A: large, rugged brown scales 3, see invisible, deformed body, roll 1, armoured
tail
a: Rolling Charge


You were on level 3 of the Dungeon.
You visited 1 branch of the dungeon, and saw 3 of its levels.

You collected 117 gold pieces.

Inventory:

Hand Weapons
 a - a +0 war axe (weapon)
 m - a +4 flail of protection
Armour
 b - a +0 scale mail (worn)
 c - a +0 buckler (worn)
Scrolls
 g - a scroll of vulnerability {unknown}
 h - a scroll of brand weapon {unknown}
 i - a scroll of enchant weapon {unknown}
 j - 2 scrolls of immolation {unknown}
 k - 3 scrolls of teleportation {unknown}
 l - a scroll of magic mapping {unknown}
Potions
 d - a potion of might
 e - a potion of curing {unknown}
 f - a potion of resistance {unknown}
 n - a potion of heal wounds {unknown}
 o - a potion of brilliance {unknown}


   Skills:
 * Level 3.8 Fighting
 * Level 2.9 Axes
 * Level 3.0 Armour
 + Level 2.7 Shields


You had 3 spell levels left.
You didn't know any spells.
Your spell library contained the following spells:

 Spells                   Type           Power      Damage    Failure   Level
 Animate Skeleton         Necr           0%         N/A       80%         1
 Pain                     Necr           0%         1d4       80%         1
 Vampiric Draining        Necr           0%         2d6       99%         3


Dungeon Overview and Level Annotations

Branches:
Dungeon (3/15)

Altars:

Shops:
D:1 !


Innate Abilities, Weirdness & Mutations

You are completely covered in rugged brown scales. (AC +3, +7% HP)
You have supernaturally acute eyesight. (SInv)
Armour fits poorly on your strangely shaped body.
You can roll at nearby foes to attack.
You have a long armoured tail.


Message History

HP restored.
Things that are here:
a +0 club; 2 stones; a kobold corpse You now have 104 gold pieces (gained 18).
Things that are here:
a +0 club; a goblin corpse
Things that are here:
a +0 club; 2 stones; a kobold corpse
Found a stone staircase leading up.
Found a ring mail.
You now have 117 gold pieces (gained 13).
A wight comes into view. It is wielding a +4 war axe.
A wight comes into view.
It is wielding a +5 trident of freezing.
The wight hits you with a +4 war axe!
You feel drained.
You hit the wight but do no damage. The wight completely misses you.
You barely miss the wight. You tail-slap the wight.
The wight is lightly damaged.
The wight completely misses you.
You closely miss the wight. You tail-slap the wight.
The wight is heavily damaged.
The wight closely misses you.
The wight hits you from afar with a +5 trident of freezing.
You feel drained. The wight freezes you. The wight hits you but does no damage.
You are too injured to fight recklessly!
You are too injured to fight recklessly!
You are too injured to fight recklessly!
You are too injured to fight recklessly!
You are too injured to fight recklessly!
You are too injured to fight recklessly!
You are too injured to fight recklessly!
You are too injured to fight recklessly!
You are too injured to fight recklessly!
You are too injured to fight recklessly!
Unknown command.
You barely miss the wight. You tail-slap the wight.
The wight is severely damaged.
The wight hits you from afar with a +5 trident of freezing!
* * * LOW HITPOINT WARNING * * *
You feel drained.
You die...

..# #.# ###
####.#####... . #.
...#..... ..####.
#......
[....<.##.##.###.#
#........z.....##
.##.#......@.z..... ..
........#.##.######
...##.#.#.#.# .#
##.###.#...#.# ..
.....#.###.#.# ...
#...........# ###.
#.#.#.#.###.### ..
........##...# ##
.......).)..##########


You could see 2 wights.

Vanquished Creatures
  5 adders (D:2)
  A worm (D:2)
  5 endoplasms
  3 giant cockroaches (D:2)
  2 goblins
  3 hobgoblins (D:1)
  3 jackals (D:2)
  2 quokkas (D:3)
  A ball python (D:1)
  5 bats
  2 frilled lizards
  4 kobolds
  6 rats
42 creatures vanquished.

Notes
Turn   | Place    | Note
-------+----------+-------------------------------------------
     0 | D:1      | sammy202020 the Palentonga Fighter began the quest for the
                  | Orb.
     0 | D:1      | Reached XP level 1. HP: 19/19 MP: 1/1
   309 | D:1      | Reached XP level 2. HP: 25/25 MP: 2/2
   834 | D:1      | Found Ziof's Distillery.
   865 | D:2      | Found a faded altar of an unknown god.
  1052 | D:2      | Reached XP level 3. HP: 31/31 MP: 3/3
  1312 | D:2      | Reached XP level 4. HP: 22/39 MP: 4/4
  1874 | D:3      | Slain by a wight

Illustrated notes

Levels and vault maps discovered:
D:1:      ebering_trefoil_3fold, layout_loops_ring, serial_shops, shop,
          minivault_11, minivault_23
D:2:      layout_basic, nicolae_ecumenical_pavilion, nrook_loot_triangle
D:3:      layout_loops_ring, nicolae_overflow_hidden_temple,
          chequers_decorated_corner

Skill      XL: |  1  2  3  4 |
---------------+-------------+-----
Armour         | 3 |  3.0
Fighting       | |  3.8
Axes           | |  2.9
Shields        | |  2.7

Action                   |  1- 3 |  4- 6 || total
-------------------------+-------+-------++-------
Melee: War axe           |    75 |    30 ||   105
       Tailslap          |     6 |     5 ||    11
 Abil: Rolling Charge    |     2 |     4 ||     6
Armor: Scale mail        |    62 |    22 ||    84
Dodge: Dodged            |    44 |    12 ||    56
Block: Buckler           |    17 |     5 ||    22

Table legend: (Time is in decaauts)
 A = Elapsed time spent in this place.
 B = Non-inter-level travel time spent in this place.
 C = Inter-level travel time spent in this place.
 D = Time resting spent in this place.
 E = Time spent auto-exploring this place.
 F = Levels seen in this place.
 G = Mean time per level.
                   A        B        C        D        E       F      G
               +--------+--------+--------+--------+--------+-----+--------+
         Total |   1916 |   1891 |     25 |      0 |   1575 |   3 |  638.7 |
       Dungeon |   1916 |   1891 |     25 |      0 |   1575 |   3 |  638.7 |
               +--------+--------+--------+--------+--------+-----+--------+

Top non-repeatable levels by time:
     D:2: 893 daAuts
     D:1: 877 daAuts
     D:3: 144 daAuts
